 Dungeon Crawl Stone Soup version 0.17-a0-957-ga3519be (webtiles) character file.

979 FedoraBrony69 the Charmwright (level 7, 0/36 HPs)
             Began as a Deep Elf Conjurer on May 7, 2015.
             Was an Initiate of Sif Muna.
             Slain by chequers's ghost (19 damage)
             ... on level 5 of the Dungeon.
             The game lasted 00:12:30 (4913 turns).

FedoraBrony69 the Charmwright (Deep Elf Conjurer)   Turns: 4913, Time: 00:12:32

Health: 0/36       AC: 11    Str:  5    XL:     7   Next: 96%
Magic:  1/19       EV: 13    Int: 22    God:    Sif Muna [......]
Gold:   211        SH:  0    Dex: 15    Spells: 4 memorised, 7 levels left

rFire  . . .     SeeInvis +     f - -1 club (curse)
rCold  + . .     Clarity  .     z - +2 robe {rC+}
rNeg   . . .     SustAb   .     (no shield)
rPois  .         Gourm    .     m - +2 helmet
rElec  .         Spirit   .     o - +1 cloak
rCorr  .         Warding  .     a - +1 pair of gloves
rMut   .         Stasis   .     (no boots)
MR     .....                    (no amulet)
Stlth  ++........               C - ring of see invisible
                                E - ring of invisibility

@: very slightly contaminated, not resistant to hostile enchantments, unstealthy
A: no striking features
a: Renounce Religion, Evoke Invisibility


You were on level 5 of the Dungeon.
You worshipped Sif Muna.
Sif Muna was noncommittal.
You were hungry.

You visited 1 branch of the dungeon, and saw 5 of its levels.

You collected 211 gold pieces.

Inventory:

Hand weapons
 f - a cursed -1 club (weapon)
Armour
 a - a +1 pair of gloves (worn)
 i - a +0 buckler
 m - a +2 helmet (worn)
 o - a +1 cloak (worn)
 p - a cursed +0 ring mail
 z - a +2 robe of cold resistance (worn)
 D - the +5 scale mail of the Eternal Fruit {Int+4, unknown}
   (You found it on level 4 of the Dungeon)

   It affects your intelligence (+4).
Jewellery
 B - an uncursed ring of flight
 C - a ring of see invisible (right hand)
 E - a ring of invisibility (left hand)
Magical devices
 y - a wand of teleportation (1)
Scrolls
 d - 2 scrolls of immolation {unknown}
 g - a scroll of random uselessness {unknown}
 h - 3 scrolls of recharging {unknown}
 j - 2 scrolls of fear {unknown}
 n - a scroll of magic mapping {unknown}
 q - 9 scrolls of identify {unknown}
 r - a scroll of fog {unknown}
 s - 2 scrolls of remove curse {unknown}
 u - a scroll of enchant weapon {unknown}
 w - a scroll of noise {unknown}
 A - a scroll of teleportation {unknown}
Potions
 e - a potion of curing {unknown}
 k - 3 potions of magic {unknown}
 l - a potion of poison {unknown}
 t - 2 potions of haste {unknown}
 F - a potion of heal wounds {unknown}
 H - a potion of mutation {unknown}
Books
 b - a book of Conjurations

   Spells                             Type                      Level
   a - Magic Dart                     Conjuration                  1
   b - Searing Ray                    Conjuration                  2
   c - Dazzling Spray                 Conjuration/Hexes            3
   d - Fulminant Prism                Conjuration/Hexes            4
   e - Iskenderun's Mystic Blast      Conjuration                  4
   f - Iskenderun's Battlesphere      Conjuration/Charms           5
Comestibles
 c - 4 bread rations
 v - a meat ration
 x - a slice of pizza
 G - 5 chunks of flesh


   Skills:
 - Level 2.4 Dodging
 - Level 2.4 Stealth
 + Level 7.1 Spellcasting
 + Level 7.3 Conjurations
 * Level 7.6 Charms


You had 7 spell levels left.
You knew the following spells:

 Your Spells              Type           Power        Failure   Level  Hunger
a - Magic Dart            Conj           ####         1%          1    None
b - Iskenderun's Battles  Conj/Chrm      #####...     12%         5    #####..
c - Iskenderun's Mystic   Conj           #####...     4%          4    ###....
d - Dazzling Spray        Conj/Hex       ###.....     8%          3    None


Dungeon Overview and Level Annotations

Branches:
Dungeon (5/15)
 Temple: D:4-7

Altars:
Ashenzari
Dithmenos
Makhleb
Sif Muna
Trog
Xom
Zin

Annotations:
D:5 chequers's ghost, experienced FoFi


Message History

Confirm with . or Enter, or press ? or * to list all spells.
Aiming: Magic Dart
Press: ? - help, Shift-Dir - straight line, f/p - chequers's ghost
Aim: chequers's ghost (heavily damaged)
The magic dart hits chequers's ghost.
Chequers's ghost is severely damaged.
Chequers's ghost hits you!
Casting: Magic Dart
Confirm with . or Enter, or press ? or * to list all spells.
Aiming: Magic Dart
Press: ? - help, Shift-Dir - straight line, f/p - chequers's ghost
Aim: chequers's ghost (severely damaged)
The magic dart hits chequers's ghost.
Chequers's ghost is severely damaged.
Your battlesphere fires!
The barrage of energy hits chequers's ghost.
Chequers's ghost is almost destroyed.
Chequers's ghost hits you!!
Ouch! That really hurt!
You die...

... . ... .. ... ##'
##'# ###
###...###..#####+ #..
...........#..... #..
.........W.'..... #..
...)[...@.# #..
#...####*# #..
#...####.##+## #..
#.....'......+ ### .>##
.##.....#......# #.
...# .........#......#
+.
...#...........#......#
#.
...#...........#......#
#.
...'...........#......#
##+


You could see chequers's ghost.

Vanquished Creatures
  Edmund (D:4)
  The ghost of FedoraBrony69 the Conjurer, an average DECj (D:4)
  A centaur (D:5)
  An ogre (D:4)
  Blork the orc (D:4)
  A scorpion (D:4)
  2 crimson imps (D:5)
  A hound (D:5)
  An orc wizard (D:4)
  2 orc priests
  A worker ant (D:4)
  2 centaur skeletons (D:5)
  An iguana (D:5)
  A hound skeleton (D:5)
  3 gnolls (D:3)
  5 adders
  2 oozes (D:2)
  2 worms
  3 giant geckos
  7 orcs
  6 bats
  A bat skeleton (D:4)
  A goblin (D:3)
  6 hobgoblins
  11 jackals
  4 giant cockroaches
  3 giant newts
  12 kobolds
  3 quokkas
  8 rats
94 creatures vanquished.

Vanquished Creatures (others)
  An orc (D:5)
1 creature vanquished.

Grand Total: 95 creatures vanquished

Notes
Turn   | Place    | Note
--------------------------------------------------------------
     0 | D:1      | FedoraBrony69, the Deep Elf Conjurer, began the quest for the Orb.
     0 | D:1      | Reached XP level 1. HP: 10/10 MP: 6/6
   288 | D:1      | Reached XP level 2. HP: 15/15 MP: 2/8
  1000 | D:2      | Reached skill level 5 in Conjurations
  1000 | D:2      | Reached XP level 3. HP: 19/19 MP: 1/10
  1667 | D:3      | Found a shimmering altar of Xom.
  1792 | D:3      | Reached XP level 4. HP: 24/24 MP: 2/12
  1903 | D:3      | Found a shattered altar of Ashenzari.
  1953 | D:3      | Reached skill level 5 in Spellcasting
  2270 | D:4      | Reached XP level 5. HP: 28/28 MP: 7/14
  2287 | D:4      | Noticed FedoraBrony69's ghost (average DECj)
  2399 | D:3      | Learned a level 5 spell: Iskenderun's Battlesphere
  2404 | D:3      | Learned a level 4 spell: Iskenderun's Mystic Blast
  2458 | D:4      | Killed FedoraBrony69's ghost
  2458 | D:4      | Reached skill level 6 in Conjurations
  2546 | D:4      | Noticed Blork the orc
  2555 | D:5      | Entered Level 5 of the Dungeon
  2664 | D:4      | Killed Blork the orc
  2664 | D:4      | Reached XP level 6. HP: 32/32 MP: 12/17
  2776 | D:4      | Found a shadowy altar of Dithmenos.
  2797 | D:4      | Noticed an ogre
  2802 | D:4      | Killed an ogre
  3013 | D:4      | Found a deep blue altar of Sif Muna.
  3032 | D:4      | Noticed Edmund
  3266 | D:4      | Killed Edmund
  3266 | D:4      | Reached skill level 5 in Charms
  3266 | D:4      | Reached XP level 7. HP: 36/36 MP: 5/18
  3425 | D:4      | Found a burning altar of Makhleb.
  3428 | D:4      | Found a glowing silver altar of Zin.
  3431 | D:4      | Found a bloodstained altar of Trog.
  3550 | D:4      | Got a smoking scale mail
  3810 | D:4      | Became a worshipper of Sif Muna the Loreminder
  3815 | D:4      | Learned a level 3 spell: Dazzling Spray
  4160 | D:4      | Reached skill level 7 in Conjurations
  4688 | D:5      | Noticed a centaur
  4695 | D:5      | Killed a centaur
  4904 | D:5      | Noticed chequers's ghost (experienced FoFi)
  4913 | D:5      | Slain by chequers's ghost

Action                   |  1- 3 |  4- 6 |  7- 9 || total
-------------------------+-------+-------+-------++-------
Melee: Club              |     7 |     9 |    27 ||    43
 Cast: Magic Dart        |    67 |    80 |   105 ||   252
       Iskenderun's Myst |       |    16 |    15 ||    31
       Iskenderun's Batt |       |       |     1 ||     1
  Eat: Chunk             |     1 |     6 |     8 ||    15
